 Dungeon Crawl Stone Soup version bcrawl-1.27.5 (webtiles) character file.

Game seed: 1650603219067058062

420650 Faustar the Fighter (level 9, -1/97 HPs)
             Began as a Troll Berserker on Aug 13, 2020.
             Was a High Priest of Trog.
             Slain by a skeletal warrior
             ... wielding a +0 long sword
              (7 damage)
             ... on level 7 of the Dungeon.
             The game lasted 00:10:18 (4296 turns).

Faustar the Fighter (Troll Berserker)               Turns: 4296, Time: 00:10:18

Health: -1/97      AC:  8    Str: 32 (33) XL:     9   Next: 58%
Magic:  8/8        EV: 12    Int:  1 (4)  God:    Trog [*****.]
Gold:   297        SH:  0    Dex:  9 (11) Spells: 8/8 levels left

rFire    . . .     SeeInvis .     - Claws (29.6)
rCold    . . .     Gourm    +   (no shield)
rNeg     . . .     Faith    .   (armour unavailable)
rPois    .         Spirit   .   (helmet restricted)
rElec    .         Reflect  .   (no cloak)
rCorr    .         Harm     .   (gloves unavailable)
MR       .....                  (boots unavailable)
Stlth    +.........             (no amulet)
HPRegen  0.66/turn              (no ring)
MPRegen  0.11/turn              (no ring)

@: mighty, berserk cooldown, slowed, very slow
A: large, almost no armour, claws 3, fast metabolism 3, gourmand, regeneration
1, AC +8
a: Berserk, Trog's Hand, Brothers in Arms, Renounce Religion


You were on level 7 of the Dungeon.
You worshipped Trog.
Trog was extremely pleased with you.
You were full.

You visited 1 branch of the dungeon, and saw 7 of its levels.
You also visited: Sewer.

You collected 521 gold pieces.
You spent 224 gold pieces at shops.

Inventory:

Armour
 f - a +0 cloak
 x - a +0 chain mail
 y - a +0 cloak
Jewellery
 c - a cursed ring of resist corrosion {unknown}
 j - an uncursed ring of stealth {unknown}
 p - an uncursed ring of poison resistance {unknown}
 t - a +2 ring of intelligence {unknown}
 z - an uncursed ring of insulation {unknown}
Wands
 l - a wand of polymorph (10)
Scrolls
 d - 2 scrolls of enchant armour {unknown}
 h - 13 scrolls of teleportation {unknown}
 i - 2 scrolls of amnesia
 k - 8 scrolls of identify
 m - 2 scrolls of immolation {unknown}
 q - 2 scrolls of enchant weapon {unknown}
 s - 2 scrolls of remove curse {unknown}
 u - 3 scrolls of blinking {unknown}
 B - a scroll of fog {unknown}
 D - a scroll of noise {unknown}
Potions
 a - a potion of berserk rage {unknown}
 b - 2 potions of ambrosia {unknown}
 g - a potion of resistance {unknown}
 n - 3 potions of curing
 o - a potion of degeneration
 v - a potion of brilliance {unknown}
 w - a potion of flight {unknown}
 A - a potion of magic {unknown}
 C - a potion of haste {unknown}
Comestibles
 e - 18 rations {!d}
 E - a chunk of flesh


   Skills:
 * Level 8.4 Fighting
 + Level 6.1 Dodging
 + Level 7.4 Unarmed Combat


You had 8 spell levels left.
You didn't know any spells.
Your spell library was empty.

Dungeon Overview and Level Annotations

Branches:
Dungeon (7/12)
 Temple: D:4-7         Lair: D:7-9

Altars:
Cheibriados
Dithmenos
Elyvilon
Gozag
Okawaru
Qazlal
Sif Muna
Trog
Vehumet
Wu Jian
Xom
The Shining One

Shops:
D:5 [(([   D:6 [


Innate Abilities, Weirdness & Mutations

You cannot wear most types of armour.
Your thick skin is tough. (AC +8)
You are too large for most types of armour.
You have claws for hands.
Your metabolism is lightning-fast.
You like to eat raw meat.
Your natural rate of healing is unusually fast.


Message History

You claw the skeletal warrior!
The skeletal warrior is almost destroyed.
Your skin stops crawling.
You feel less resistant to hostile enchantments.
You feel sick.
An ice beast comes into view.
The skeletal warrior hits you but does no damage.
It was a potion of curing.
You feel better.
The skeletal warrior hits you with a +0 long sword.
* * * LOW HITPOINT WARNING * * *
It was a potion of degeneration.
There was something very wrong with that liquid.
You feel weakened.
You feel dopey.
You feel clumsy.
The skeletal warrior closely misses you.
The skeletal warrior hits you with a +0 long sword.
* * * LOW HITPOINT WARNING * * *
It was a potion of might.
You feel very mighty all of a sudden.
The skeletal warrior hits you with a +0 long sword!
You die...

#...))....####
+.........+
#.........#
##.......##
##.....##
##...## ##'##
#.# #@# #z#


zyH ..z.. ##...## #.... ..... #/..## You could see a skeletal warrior, a
hippogriff, a vampire mosquito and 2 wights.

Vanquished Creatures
  A hippogriff (D:6)
  Sigmund (D:4)
  Eustachio (D:5)
  An orc warrior (D:7)
  2 ice beasts
  A sky beast (D:4)
  2 eyes of draining (D:3)
  An ogre (D:4)
  2 centaurs
  4 bullfrogs
  A scorpion (D:5)
  2 wights (D:7)
  4 killer bees (D:7)
  4 crimson imps
  A bullfrog zombie (D:7)
  A centaur zombie (D:5)
  4 hounds
  A centaur skeleton (D:5)
  3 orc priests
  A bullfrog skeleton (D:4)
  Ijyb (D:3)
  4 iguanas
  4 orc wizards
  5 worker ants
  A hound skeleton (D:5)
  A worker ant zombie (D:5)
  A gnoll (D:3)
  14 adders
  A shadow imp (D:7)
  11 oozes (Sewer)
  2 worms
  5 dart slugs
  19 leopard geckos
  26 orcs
  2 bats
  12 giant cockroaches
  6 goblins
  8 hobgoblins
  12 jackals
  9 kobolds
  4 quokkas
  11 ball pythons
  16 frilled lizards
  A jackal skeleton (D:5)
  5 rats
219 creatures vanquished.

Notes
Turn   | Place    | Note
-------+----------+-------------------------------------------
     0 | D:1      | Faustar the Troll Berserker began the quest for the Orb.
     0 | D:1      | Reached XP level 1. HP: 22/22 MP: 0/0
    71 | D:1      | Reached XP level 2. HP: 26/29 MP: 1/1
   229 | D:1      | Reached skill level 3 in Fighting
   229 | D:1      | Reached XP level 3. HP: 29/37 MP: 2/2
   355 | D:1      | Reached ** piety under Trog
   925 | D:2      | Gained mutation: Your natural rate of healing is unusually
                  | fast. [Troll growth]
   925 | D:2      | Reached XP level 4. HP: 44/45 MP: 3/3
  1283 | D:3      | Found a radiant altar of Vehumet.
  1292 | D:3      | Reached *** piety under Trog
  1369 | D:3      | Reached XP level 5. HP: 54/54 MP: 4/4
  1474 | D:3      | Reached skill level 4 in Fighting
  1500 | D:3      | Found an opulent altar of Gozag.
  1527 | D:3      | Found a bloodstained altar of Trog.
  1527 | D:3      | Noticed an eye of draining
  1529 | D:3      | Noticed an eye of draining
  1539 | D:3      | Killed an eye of draining
  1539 | D:3      | Reached XP level 6. HP: 63/63 MP: 0/5
  1660 | D:3      | Noticed Ijyb
  1676 | D:3      | Killed Ijyb
  1855 | D:4      | Reached skill level 5 in Fighting
  1855 | D:4      | Reached XP level 7. HP: 72/72 MP: 6/6
  2027 | D:4      | Reached skill level 5 in Unarmed Combat
  2056 | D:4      | Noticed Sigmund
  2063 | D:4      | Killed Sigmund
  2063 | D:4      | Reached **** piety under Trog
  2182 | D:4      | Reached skill level 6 in Fighting
  2182 | D:4      | Reached XP level 8. HP: 48/83 MP: 7/7
  2253 | D:4      | Found a shimmering blue altar of Sif Muna.
  2255 | D:4      | Found a glowing golden altar of the Shining One.
  2255 | D:4      | Found a white marble altar of Elyvilon.
  2256 | D:4      | Found a snail-covered altar of Cheibriados.
  2257 | D:4      | Found an iron altar of Okawaru.
  2260 | D:4      | Found a shadowy altar of Dithmenos.
  2329 | D:4      | Found an ornate altar of the Wu Jian Council.
  2534 | D:5      | Entered Level 5 of the Dungeon
  2681 | D:5      | Noticed Eustachio
  2710 | D:5      | Killed Eustachio
  2710 | D:5      | Reached skill level 5 in Dodging
  2849 | D:5      | Reached skill level 7 in Fighting
  3099 | D:5      | Found Filum's Antique Armour Shop.
  3101 | D:5      | Found Folles's Weapon Shop.
  3104 | D:5      | Found Qifissoq's Antique Weapon Shop.
  3107 | D:5      | Bought a chain mail for 112 gold pieces
  3107 | D:5      | Bought a cloak for 112 gold pieces
  3108 | D:5      | Found Pingopt's Armour Shop.
  3335 | D:6      | Found a stormy altar of Qazlal.
  3433 | D:6      | Found a glowing drain.
  3449 | D:6      | Reached XP level 9. HP: 74/93 MP: 8/8
  3463 | Sewer    | Entered a sewer
  3583 | Sewer    | Reached ***** piety under Trog
  3607 | Sewer    | Received a gift from Trog
  3836 | D:6      | Found Genni's Antique Armour Shoppe.
  3836 | D:6      | Found a shimmering altar of Xom.
  4132 | D:6      | Reached skill level 8 in Fighting
  4261 | D:7      | Noticed a skeletal warrior
  4291 | D:7      | HP: 2/97 [skeletal warrior/+0 long sword (19)]
  4296 | D:7      | Slain by a skeletal warrior

Skill      XL: |  1  2  3  4  5  6  7  8  9 |
---------------+----------------------------+-----
Fighting       | 3 4 5 6 7 8 |  8.4
Dodging        | 3 4 5 6 |  6.1
Unarmed Combat | 4 5 6 7 |  7.4

Action                   |  1- 3 |  4- 6 |  7- 9 || total
-------------------------+-------+-------+-------++-------
Melee: Unarmed           |    95 |   179 |   375 ||   649
       Punch             |     4 |     3 |     8 ||    15
Invok: Berserk           |     1 |     3 |     3 ||     7
       Trog's Hand       |       |     2 |     1 ||     3
Evoke: Wand              |       |       |     1 ||     1
  Use: Scroll            |       |       |     1 ||     1
       Potion            |       |       |     3 ||     3
 Stab: Sleeping          |       |       |     1 ||     1
  Eat: Chunk             |    14 |    12 |    24 ||    50
Armor: Skin              |    33 |    56 |   119 ||   208
Dodge: Dodged            |    41 |   102 |   214 ||   357
